AoeStats
← ITVE | Brayanso81

Arabia

504220129Analyzed
1v1 RM · 26d ago on Sep 4, 2026· 45m 39s· 2 players
Game mode
Random Map
Map size
Tiny (2 player)
Population
200
Speed
Normal
Resources
Standard
Victory
Conquest
Starting age
Dark Age
Ending age
Imperial Age
RankedLock teamsTeams togetherTeam positionsShared explorationLock speedFull tech treeHidden civsTurbo modeCheats
Victory
Defeat
🇹🇼 Hindustanis · Taiwan
1113
+16
🇻🇪 Tatars · Venezuela
1117
-16
SEIYU
9:24 Feudal Age
7:42 Loom
9:28 Feudal Age
10:36 Double-Bit Axe
22:03 Castle Age
20:48 Gold Mining
22:04 Stone Mining
23:46 Bloodlines
27:59 Fletching
28:45 Forging
28:16 Pikeman
29:26 Scale Barding Armor
30:59 Horse Collar
33:11 Wheelbarrow
34:05 Bodkin Arrow
38:04 Imperial Age
35:55 Squires
37:15 Gold Shaft Mining
37:29 Chain Barding Armor
37:45 Iron Casting
37:16 Husbandry
38:50 Hand Cart
38:30 Heavy Camel Rider
41:52 Plate Barding Armor
42:25 Imperial Camel Rider
44:31 Conscription
46:05 Blast Furnace
46:05 Bracer
ITVE | Brayanso81
7:15 Loom
9:52 Feudal Age
10:22 Double-Bit Axe
10:25 Horse Collar
21:44 Wheelbarrow
23:12 Castle Age
21:58 Gold Mining
23:21 Forging
23:17 Scale Barding Armor
23:27 Bloodlines
27:28 Fletching
33:49 Wheelbarrow
37:26 Husbandry
37:53 Fletching
40:00 Iron Casting
43:22 Imperial Age
40:41 Town Watch
42:06 Bodkin Arrow
42:32 Chain Barding Armor
43:53 Heavy Camel Rider
Connection lost

Rejoining the realm…

Still unreachable

The connection could not be restored.

Session expired

The server has moved on; the page needs a fresh start.